 Dungeon Crawl Stone Soup version 0.31-a0-940-gdaa99269f9 (webtiles) character file.

Game seed: 12548847186770702203

9898 DocEon the Eclecticist (level 11, -4/56 HPs)
             Began as a Deep Elf Conjurer on Oct 21, 2023.
             Was a Believer of Vehumet.
             Killed from afar by an acid dragon (32 damage)
             ... with a splash of acid
             ... on level 11 of the Dungeon.
             The game lasted 00:13:46 (10862 turns).

DocEon the Eclecticist (Deep Elf Conjurer)         Turns: 10862, Time: 00:13:47

Health: -4/56      AC:  3    Str:  4    XL:     11   Next: 29%
Magic:  26/33      EV: 13    Int: 28    God:    Vehumet [**....]
Gold:   374        SH:  0    Dex: 13    Spells: 29/43 levels left

rFire   . . .        A - staff of conjuration
rCold   . . .        (no shield)
rNeg    + . .        r - +0 robe of the Moon {rElec SInv Archmagi}
rPois   .            (no helmet)
rElec   +            C - +0 cloak
rCorr   .            (no gloves)
SInv    +            (no boots)
Will    +....        g - amulet of magic regeneration
Stlth   ++           h - ring of wizardry
HPRegen 0.29/turn    i - ring of positive energy
MPRegen 0.63/turn

%: wizardry (x1), archmagi
@: no status effects
A: no striking features
a: Renounce Religion


You were on level 11 of the Dungeon.
You worshipped Vehumet.
Vehumet was pleased with you.
You visited 1 branch of the dungeon, and saw 11 of its levels.

You collected 724 gold pieces.
You spent 350 gold pieces at shops.

Inventory:

Armour
 a - a +1 robe
 r - the +0 robe of the Moon (worn) {rElec SInv Archmagi}
   (You bought it in a shop on level 2 of the Dungeon)

   rElec:     It insulates you from electricity.
   SInv:      It lets you see invisible.
   Archmagi:  It increases the power of your magical spells.
 C - a +0 cloak (worn)
 E - a +0 robe of fire resistance
Magical Staves
 s - a staff of air
 A - a staff of conjuration (weapon)
Jewellery
 g - an amulet of magic regeneration (around neck)
 h - a ring of wizardry (left hand)
 i - a ring of positive energy (right hand)
 n - an amulet of the acrobat
 v - a ring of flight
Wands
 p - a wand of acid (16)
 x - a wand of roots (22)
 z - a wand of flame (44)
Scrolls
 e - 4 scrolls of teleportation
 t - 3 scrolls of amnesia
 w - a scroll of fear
 y - a scroll of poison
 B - 4 scrolls of identify
 D - a scroll of fog
 F - a scroll of enchant armour
Potions
 b - 2 potions of magic
 c - 5 potions of haste
 d - 2 potions of berserk rage
 f - a potion of invisibility
 j - 5 potions of ambrosia
 k - 2 potions of enlightenment
 l - 2 potions of attraction
 m - 4 potions of brilliance
 o - 9 potions of curing
 q - 2 potions of mutation


   Skills:
 + Level 1.4 Fighting
 + Level 3.5 Dodging
 + Level 3.5 Stealth
 * Level 16.9 Spellcasting
 * Level 11.4 Conjurations
 - Level 5.0 Hexes
 - Level 5.0 Translocations
 + Level 0.6 Ice Magic


You had 29 spell levels left.
You knew the following spells:

 Your Spells              Type           Power      Damage    Failure   Level
a - Magic Dart            Conj           100%       1d8       0%          1
b - Searing Ray           Conj           100%       2d8       1%          2
c - Fulminant Prism       Conj/Hex       51%        3d23      1%          4
d - Iskenderun's Mystic   Conj/Tloc      100%       2d19      1%          4
e - Hailstorm             Conj/Ice       92%        3d18      1%          3

Your spell library contained the following spells:

 Spells                   Type           Power      Damage    Failure   Level
 Wereblood                Tmut           35%        N/A       1%          2
 Dazzling Flash           Conj/Hex       100%       N/A       1%          3
 Manifold Assault         Tloc           67%        N/A       1%          4
 Irradiate                Conj/Tmut      45%        3d26      2%          5
 Dispersal                Tloc           33%        N/A       16%         6
 Disjunction              Tloc           33%        N/A       99%         8


Dungeon Overview and Level Annotations

Branches:
Dungeon (11/15)            Temple (0/1) D:4            Lair (0/5) D:8
    Orc: D:9-12

Altars:
Ashenzari
Dithmenos
Gozag
Kikubaaqudgha
Okawaru
Qazlal
Uskayaw
Vehumet
Wu Jian

Shops:
D:2 [   D:3 *   D:7 *([*   D:8 ?

Portals:
Gauntlet: D:11

Annotations:
D:10 exclusion: ice statue


Message History

Casting: Iskenderun's Mystic Blast (safe; 1% risk of failure)
Confirm with . or Enter, or press ? or * to list all spells.
You feel a strong surge of power!
You erupt in a blast of force!
The mystic blast hits the wyvern!
You kill the wyvern!
Vehumet accepts your kill.
You feel your power returning.
Casting: Iskenderun's Mystic Blast (safe; 1% risk of failure)
Confirm with . or Enter, or press ? or * to list all spells.
You can't see any susceptible monsters within range! (Use Z to cast anyway.) Unknown command.
Casting: Iskenderun's Mystic Blast (safe; 1% risk of failure)
Confirm with . or Enter, or press ? or * to list all spells.
Aiming: Fulminant Prism (safe; 1% risk of failure)
Press: ? - help, Dir - move target You feel a strong surge of power!
You conjure a prism of explosive energy!
A fulminant prism comes into view.
An orc warrior comes into view. It is wielding a +0 battleaxe.
The acid dragon spits acid at you. The splash of acid hits you!!
Ouch! That really hurt!
Your fulminant prism crackles loudly.
Your fulminant prism explodes!
The blast of energy engulfs the orc warrior!!
You kill the orc warrior!
Vehumet accepts your kill.
You feel your power returning.
The blast of energy engulfs the acid dragon!!
The acid dragon is severely wounded.
Casting: Fulminant Prism (safe; 1% risk of failure)
Confirm with . or Enter, or press ? or * to list all spells.
You can't see any susceptible monsters within range! (Use Z to cast anyway.)
Casting: Fulminant Prism (safe; 1% risk of failure)
Confirm with . or Enter, or press ? or * to list all spells.
You can't see any susceptible monsters within range! (Use Z to cast anyway.)
The acid dragon spits acid at you. The splash of acid hits you!!
Ouch! That really hurt!
You die...

~~..~......#
....~......#
..~~)......#####
.~~..).).......#
##.).......#
###..).......#
##.#....D.....#
#..#..........#
#..#....@.....#
#..#..........#
#..'..........#
#.....#..#..........#
#.....#..#..........#
#.....#..###'###....#
#.....#...'....#..<.#
#.....#...#....+....#
#.....#.†.#....#....#


You could see an acid dragon (catching breath).

Vanquished Creatures
  2 two-headed ogres
  The ghost of Sundig the Blocker, a novice MiFi of Okawaru (D:7)
  Pikel (D:9)
  Jeremiah (D:9)
  Psyche (D:8)
  A troll (D:11)
  A hornet (D:7)
  5 wyverns
  A shadow (D:10)
  14 yaks
  2 steam dragons
  A basilisk (D:8)
  An acid dragon (D:10)
  4 orc warriors
  2 ice beasts (D:5)
  2 sky beasts (D:6)
  3 ogres
  4 centaurs
  3 phantoms
  4 lemures (D:9)
  3 bullfrogs
  A gnoll sergeant (D:5)
  3 scorpions
  9 killer bees
  2 howler monkeys
  4 orc priests
  2 hounds
  2 jellies
  Natasha (thrice) (D:2)
  An iguana (D:5)
  10 orc wizards
  Robin (D:2)
  3 gnolls (D:5)
  7 adders
  5 shadow imps
  A white imp (D:5)
  2 ufetubi (D:7)
  A worm (D:5)
  4 dart slugs
  20 orcs
  6 ball pythons
  4 bats
  4 endoplasms
  2 giant cockroaches (D:4)
  16 goblins
  13 hobgoblins
  5 jackals
  10 kobolds
  2 quokkas
  2 frilled lizards
  3 rats (D:1)
205 creatures vanquished.

Vanquished Creatures (others)
  A basilisk (D:8)
  36 fulminant prisms
37 creatures vanquished.

Grand Total: 242 creatures vanquished

Notes
Turn   | Place    | Note
-------+----------+-------------------------------------------
     0 | D:1      | DocEon the Deep Elf Conjurer began the quest for the Orb.
     0 | D:1      | Reached XP level 1. HP: 10/10 MP: 6/6
   225 | D:1      | Reached XP level 2. HP: 15/15 MP: 5/8
   299 | D:1      | Learned a level 2 spell: Searing Ray
   525 | D:1      | Reached skill level 4 in Spellcasting
   965 | D:1      | Reached XP level 3. HP: 19/19 MP: 8/10
  1109 | D:2      | Noticed Robin
  1285 | D:2      | Killed Robin
  1286 | D:2      | Reached skill level 5 in Conjurations
  1521 | D:2      | Reached skill level 5 in Spellcasting
  1591 | D:2      | Found a faded altar of an unknown god.
  1677 | D:2      | Reached XP level 4. HP: 24/24 MP: 9/13
  1838 | D:2      | Noticed Natasha
  1844 | D:2      | Killed Natasha
  2129 | D:2      | Noticed Natasha
  2137 | D:2      | Killed Natasha
  2166 | D:2      | Noticed Natasha
  2172 | D:2      | Killed Natasha
  2173 | D:2      | Reached skill level 6 in Spellcasting
  2173 | D:2      | Reached XP level 5. HP: 27/28 MP: 4/15
  2271 | D:2      | You fall into a shaft and drop 1 floor!
  2277 | D:3      | Learned a level 4 spell: Fulminant Prism
  2282 | D:3      | Learned a level 4 spell: Iskenderun's Mystic Blast
  2434 | D:2      | Found Iwkusa's Armour Shop.
  3073 | D:3      | Found Ziaruaz's General Store.
  3135 | D:4      | Noticed a +0 hand axe
  3135 | D:4      | Noticed a +0 dagger
  3135 | D:4      | Found a hide-covered altar of Uskayaw.
  3261 | D:4      | Found a radiant altar of Vehumet.
  3283 | D:4      | Became a worshipper of Vehumet
  3323 | D:4      | Noticed a centaur
  3331 | D:4      | Killed a centaur
  3332 | D:4      | Reached skill level 7 in Spellcasting
  3332 | D:4      | Reached XP level 6. HP: 3/32 MP: 9/18
  3632 | D:4      | Found a staircase to the Ecumenical Temple.
  3871 | D:5      | Entered Level 5 of the Dungeon
  3877 | D:5      | Noticed an ice beast
  3885 | D:5      | Killed an ice beast
  3886 | D:5      | Reached skill level 8 in Spellcasting
  4264 | D:5      | Noticed an ice beast
  4272 | D:5      | Killed an ice beast
  4273 | D:5      | Reached XP level 7. HP: 36/36 MP: 17/21
  4486 | D:2      | Bought the +0 robe of the Moon {rElec SInv Archmagi} for
                  | 329 gold pieces
  4627 | D:5      | Found a stormy altar of Qazlal.
  4690 | D:5      | Found an ornate altar of the Wu Jian Council.
  4696 | D:5      | Reached skill level 1 in Hexes
  4758 | D:5      | Reached skill level 9 in Spellcasting
  4758 | D:5      | Reached skill level 1 in Translocations
  5454 | D:6      | Reached XP level 8. HP: 35/41 MP: 3/23
  5576 | D:6      | Reached skill level 10 in Spellcasting
  5592 | D:6      | Reached * piety under Vehumet
  5592 | D:6      | Offered knowledge of Freeze by Vehumet.
  5916 | D:6      | Reached skill level 11 in Spellcasting
  6045 | D:6      | Reached skill level 5 in Hexes
  6045 | D:6      | Reached XP level 9. HP: 45/45 MP: 21/26
  6338 | D:7      | Found Cotyw's Book Emporium.
  6372 | D:7      | Found Yquits's Antique Weapon Shoppe.
  6605 | D:7      | Found Umorop's Assorted Antiques.
  6613 | D:7      | Bought a scroll labelled FOXZEIFAVE for 21 gold pieces
  6983 | D:7      | Found Zeblig's Antique Armour Shoppe.
  7080 | D:7      | Found an iron altar of Okawaru.
  7134 | D:7      | Noticed Sundig's ghost (novice MiFi)
  7137 | D:7      | Found a transporter.
  7142 | D:7      | Found a transporter.
  7182 | D:7      | Found Ciezxecw's General Store.
  7309 | D:7      | Reached skill level 12 in Spellcasting
  7311 | D:7      | Reached skill level 5 in Translocations
  7312 | D:7      | Killed Sundig's ghost
  7312 | D:7      | Reached ** piety under Vehumet
  7313 | D:7      | Reached skill level 13 in Spellcasting
  7447 | D:8      | Noticed Psyche
  7448 | D:8      | Offered knowledge of Shock by Vehumet.
  7452 | D:8      | Killed Psyche
  7468 | D:8      | Noticed a two-headed ogre
  7479 | D:8      | Killed a two-headed ogre
  7480 | D:8      | Reached skill level 14 in Spellcasting
  7480 | D:8      | Reached XP level 10. HP: 44/50 MP: 11/30
  7719 | D:8      | Found Xokik's Magic Scroll Emporium.
  7862 | D:8      | Reached skill level 10 in Conjurations
  7911 | D:8      | Found a staircase to the Lair.
  8253 | D:9      | Reached skill level 15 in Spellcasting
  8770 | D:9      | Reached skill level 16 in Spellcasting
  8856 | D:9      | Noticed Pikel
  8867 | D:9      | Killed Pikel
  9180 | D:9      | Noticed Jeremiah
  9187 | D:9      | Killed Jeremiah
  9539 | D:10     | Entered Level 10 of the Dungeon
  9688 | D:10     | Found a broken altar of Ashenzari.
  9913 | D:10     | Reached XP level 11. HP: 53/54 MP: 33/33
 10261 | D:10     | Noticed a two-headed ogre
 10268 | D:10     | Killed a two-headed ogre
 10320 | D:10     | Found a shadowy altar of Dithmenos.
 10470 | D:10     | Reached skill level 1 in Fighting
 10556 | D:10     | Found an opulent altar of Gozag.
 10556 | D:10     | Found an ancient bone altar of Kikubaaqudgha.
 10809 | D:11     | Offered knowledge of Hailstorm by Vehumet.
 10818 | D:11     | Learned a level 3 spell: Hailstorm
 10835 | D:11     | Found a gate leading to a gauntlet.
 10862 | D:11     | Killed from afar by an acid dragon

Illustrated notes

Levels and vault maps discovered:
D:1:      scummos_arrival_simple_fountains, layout_basic, item_on_display_a
D:2:      layout_loops_cross, shapermc_ecumenical_altar_venn, serial_shops,
          nicolae_shop_statue_plus, columned_hall_lemuel, uniq_robin,
          uniq_natasha
D:3:      layout_basic, serial_shops, nicolae_lakefront_shop, hex_medium,
          chequers_serial_rivers_micro_a
D:4:      layout_rooms, amcnicky_altar_gilded, dancing_weapons_uskayaw,
          minmay_temple_entry_glass, nicolae_figureground_pulse
D:5:      layout_basic, mainiacjoe_overflow_six_doors_small,
          nicolae_qazlal_eye_of_the_storm, serial_corexii_hall,
          corexii_hall_statues_s, corexii_hall_statues_t
D:6:      layout_basic, minmay_checkerbox
D:7:      layout_loops_ring, general_overflow_altar, gammafunk_ghost_hive,
          serial_shops, nicolae_shop_rolling_square, shop_fountains,
          nicolae_diamond_shop, nicolae_shop_dealshenge, shop
D:8:      layout_rooms, erik_lair_dragon, serial_shops, shop, uniq_psyche
D:9:      layout_grid_maze, uniq_jeremiah, uniq_pikel
D:10:     layout_roguey, lemuel_crystal_altar, amethyst_overflow_temple_binary,
          nicolae_overflow_hidden_temple, minivault_16
D:11:     cheibrodos_helix_gallery, layout_gridville, gauntlet_entry_generic,
          uniq_fannar, uniq_urug

Skill      XL: |  1  2  3  4  5  6  7  8  9 10 11 |
---------------+----------------------------------+-----
Spellcasting   | 4 5 6 7 8 9 11 14 16 | 16.9
Conjurations   | 5 6 7 9 11 | 11.4
Hexes          | 2 5 |  5.0
Translocations | 2 4 5 |  5.0
Stealth        | 3 |  3.5
Fighting       | 1 |  1.4
Dodging        | 3 |  3.5
Ice Magic      | |  0.6

Action                     |  1- 3 |  4- 6 |  7- 9 | 10-12 || total
---------------------------+-------+-------+-------+-------++-------
  Melee: Staff             |       |       |     1 |       ||     1
   Cast: Magic Dart        |    65 |    80 |    83 |    55 ||   283
         Searing Ray       |     5 |     9 |    28 |    11 ||    53
         Fulminant Prism   |       |     2 |     6 |    28 ||    36
         Iskenderun's Myst |       |     1 |    25 |    25 ||    51
    Use: Scroll            |       |    10 |     6 |     4 ||    20
 Armour: Robe              |     8 |    11 |    29 |    15 ||    63
  Dodge: Dodged            |     7 |     9 |    31 |     9 ||    56

Table legend: (Time is in decaauts)
 A = Elapsed time spent in this place.
 B = Non-inter-level travel time spent in this place.
 C = Inter-level travel time spent in this place.
 D = Time resting spent in this place.
 E = Time spent auto-exploring this place.
 F = Levels seen in this place.
 G = Mean time per level.
                   A        B        C        D        E       F      G
               +--------+--------+--------+--------+--------+-----+--------+
         Total |  10866 |  10275 |    591 |   2335 |   6722 |  11 |  987.8 |
       Dungeon |  10866 |  10275 |    591 |   2335 |   6722 |  11 |  987.8 |
               +--------+--------+--------+--------+--------+-----+--------+

Top non-repeatable levels by time:
     D:9: 1426 daAuts
     D:5: 1389 daAuts
     D:1: 1257 daAuts
    D:10: 1239 daAuts
     D:2: 1228 daAuts
     D:7: 1132 daAuts
     D:6: 925 daAuts
     D:3: 874 daAuts
     D:4: 666 daAuts
     D:8: 642 daAuts
    D:11: 82 daAuts
